Workbook

Sheet PROJETOS
A1: PREFEITURA MUNICIPAL DE POMERODE SECRETARIA DE PLANEJAMENTO E MEIO AMBIENTE Rua 15 de Novembro, 525, Centro 89107-000 – Pomerode – Santa Catarina
A3: OBJETO: ELABORAÇÃO DE ESTUDOS E PROJETOS BÁSICO E EXECUTIVO DE ENGENHARIA VIÁRIA
A4: PRAZO DE EXECUÇÃO CONTRATUAL: 329 DIAS | I4: PRAZO DE VIGÊNCIA DA CONTRATAÇÃO: 390 DIAS
A6: GRUPO DE PROJETOS
A7: RUA | B7: COORDENADAS | C7: EXTENSÃO (m) | D7: GABARITO OFICIAL (m) | E7: ÁREA (m²) | F7: GABARITO CONSOLIDADO (m) | G7: SUPRESSÃO DE VEGETAÇÃO? | H7: OBRAS DE CONTENÇÃO? | I7: CONTAGEM DE TRÁFEGO?
A8: GRUPO DE PROJETOS 01
A9: PONTE RUA ALWIN JANDRE | B9: -26.697805, -49.161579 | C9: 25 | D9: 12 | E9: =C9*D9 -> 300 | F9: 12 | G9: NÃO | H9: SIM | I9: SIM
A10: REVISÃO DO PROJETO LIGAÇÃO PROGRESSO X TESTO ALTO (COM OAE) | B10: -26.705759, -49.168840 | C10: 347 | D10: 14 | E10: =C10*D10 -> 4858 | F10: 15 | I10: NÃO
A11: RUA CAMPO GRANDE | B11: -26.742210, -49.165476 | C11: 110 | D11: 9 | E11: =C11*D11 -> 990 | F11: 9 | G11: NÃO | H11: NÃO | I11: NÃO
A12: RUA PEDRO KNOPF | B12: -26.750695, -49.186412 | C12: 150 | D12: 12 | E12: =C12*D12 -> 1800 | F12: 10 | G12: NÃO | H12: TALVEZ | I12: SIM
A13: RUA VICTOR WEEGE | B13: -26.716828, -49.167205 | C13: 182 | D13: 9 | E13: =C13*D13 -> 1638 | F13: 9 | G13: NÃO | H13: NÃO | I13: NÃO
A14: AVENIDA 21 DE JANEIRO | B14: -26.731229, -49.179208 | C14: 480 | D14: 20 | E14: =C14*D14 -> 9600 | F14: 20 | G14: NÃO | H14: NÃO | I14: SIM
A15: RUA EMIL HORNBURG | B15: -26.691662, -49.173647 | C15: 277 | D15: 10 | E15: =C15*D15 -> 2770 | F15: 10 | G15: NÃO | H15: NÃO | I15: NÃO
A16: RUA RUDOLFO KREHNKE | B16: -26.721468, -49.148303 | C16: 315 | D16: 12 | E16: =C16*D16 -> 3780 | F16: 9 | G16: NÃO | H16: NÃO | I16: SIM
A17: RUA JERUSALÉM | B17: -26.739070, -49.163316 | C17: 1000 | D17: 12 | E17: =C17*D17 -> 12000 | F17: 12 | G17: SIM | H17: SIM | I17: SIM
A19: GRUPO DE PROJETOS 02
A20: RUA NOVA TRENTO | B20: -26.727789, -49.175644 | C20: 50 | D20: 9 | E20: =C20*D20 -> 450 | F20: 6 | G20: NÃO | H20: NÃO | I20: NÃO
A21: RUA PROJETADA 01 (INDAIAL) (COM OAE) | B21: -26.722763, -49.168581 | C21: 120 | D21: 14 | E21: =C21*D21 -> 1680 | F21: 0 | G21: SIM | H21: SIM | I21: NÃO
A22: BECO LEOPOLDO EHMKE | B22: -26.709820, -49.163588 | C22: 150 | D22: 7 | E22: =C22*D22 -> 1050 | F22: 7 | G22: NÃO | H22: NÃO | I22: NÃO
A23: RUA ERWIN SCHRUBBE | B23: -26.722200, -49.142297 | C23: 184.9 | D23: 12 | E23: =C23*D23 -> 2218.8 | F23: 7 | G23: SIM | H23: SIM | I23: NÃO
A24: RUA CARLOS ZEPLIN | B24: -26.722763, -49.168581 | C24: 280 | D24: 10 | E24: =C24*D24 -> 2800 | F24: 10 | G24: SIM | H24: SIM | I24: SIM
A25: RUA ESPANHA | B25: -26.737465, -49.162972 | C25: 340 | D25: 12 | E25: =C25*D25 -> 4080 | F25: 7 | G25: SIM | H25: SIM | I25: NÃO
A26: RUA OSCAR DORN | B26: -26.715019, -49.158721 | C26: 494 | D26: 12 | E26: =C26*D26 -> 5928 | F26: 7 | G26: SIM | H26: SIM | I26: SIM
A27: RUA GUSTAV RAUH | B27: -26.688959, -49.156384 | C27: 900 | D27: 12 | E27: =C27*D27 -> 10800 | F27: 12 | G27: SIM | H27: TALVEZ | I27: SIM
A29: GRUPO DE PROJETOS 03
A30: RUA ARNO ROMIG | B30: -26.726054, -49.170709 | C30: 85 | D30: 9 | E30: =C30*D30 -> 765 | F30: 7 | G30: NÃO | H30: NÃO | I30: NÃO
A31: RUA CARLOS BORCK | B31: -26.714049, -49.159342 | C31: 140 | D31: 10 | E31: =C31*D31 -> 1400 | F31: 10 | G31: SIM | H31: NÃO | I31: NÃO
A32: RUA VICTOR PASSOLD | B32: -26.684986, -49.160527 | C32: 152 | D32: 12 | E32: =C32*D32 -> 1824 | F32: 12 | G32: NÃO | H32: SIM | I32: NÃO
A33: RUA ARNO KRUEGER | B33: -26.689877, -49.158408 | C33: 193.78 | D33: 8 | E33: =C33*D33 -> 1550.24 | F33: 8 | G33: NÃO | H33: SIM | I33: NÃO
A34: RUA PEDRO ALVES DA CUNHA (COM OAE) | B34: -26.714039, -49.159056 | C34: 400 | D34: 9 | E34: =C34*D34 -> 3600 | F34: 5 | G34: NÃO | H34: SIM | I34: SIM
A35: RUA LOTHAR VOIGTLAENDER | B35: -26.738892, -49.163435 | C35: 500 | D35: 12 | E35: =C35*D35 -> 6000 | F35: 8 | G35: SIM | H35: SIM | I35: SIM
A36: RUA JULIO WOLLICK | B36: -26.756111, -49.181678 | C36: 740 | D36: 12 | E36: =C36*D36 -> 8880 | F36: 12 | G36: SIM | H36: NÃO | I36: SIM
A38: GRUPO DE PROJETOS 04
A39: RUA ERICH ZEPLIN | B39: -26.717915, -49.157594 | C39: 410 | D39: 12 | E39: =C39*D39 -> 4920 | F39: 12 | G39: NÃO | H39: TALVEZ | I39: NÃO
A40: RUA MARCILIO LEOPOLDINO DE OLIVEIRA | B40: -26.725439, -49.158956 | C40: 112.6 | D40: 10 | E40: =C40*D40 -> 1126 | F40: 10 | G40: NÃO | H40: SIM | I40: NÃO
A41: RUA JOHANNES ROEDEL | B41: -26.726667, -49.173195 | C41: 120 | D41: 10 | E41: =C41*D41 -> 1200 | F41: 10 | G41: NÃO | H41: NÃO | I41: NÃO
A42: RUA JULIO DALLMANN | B42: -26.722452, -49.173670 | C42: 163 | D42: 12 | E42: =C42*D42 -> 1956 | F42: 12 | G42: NÃO | H42: NÃO | I42: NÃO
A43: RUA DOS ATIRADORES - TRECHO 08 | B43: -26.820186, -49.158516 | C43: 700 | D43: 13 | E43: =C43*D43 -> 9100 | F43: 12 | G43: SIM | H43: SIM | I43: SIM
A44: RUA FLORIANÓPOLIS | B44: -26.723922, -49.168444 | C44: 210 | D44: 9 | E44: =C44*D44 -> 1890 | F44: 9 | G44: SIM | H44: NÃO | I44: SIM
A45: RUA RICARDO EISCHTAEDT | B45: -26.715806, -49.170247 | C45: 300 | D45: 9 | E45: =C45*D45 -> 2700 | F45: 8 | G45: SIM | H45: SIM | I45: NÃO
A46: RUA PROGRESSO | B46: -26.688129, -49.177213 | C46: 4300 | D46: 12 | E46: =C46*D46 -> 51600 | F46: 8 | G46: SIM | H46: SIM | I46: SIM
A47: RUA PROJETADA 02 (OLAVO BILAC) | B47: -26.824201, -49.157826 | C47: 410 | D47: 10 | E47: =C47*D47 -> 4100 | F47: 0 | G47: SIM | H47: TALVEZ | I47: NÃO
A49: GRUPO DE PROJETOS 05
A50: RUA RICARDO ZASTROW | B50: -26.706451, -49.158212 | C50: 435 | D50: 12 | E50: =C50*D50 -> 5220 | F50: 12 | G50: SIM | H50: TALVEZ | I50: NÃO
A51: RUA ADOLFO BECK | B51: -26.727545, -49.169118 | C51: 30 | D51: 9 | E51: =C51*D51 -> 270 | F51: 9 | G51: NÃO | H51: NÃO | I51: NÃO
A52: RUA TANGARÁ | B52: -26.726209, -49.165505 | C52: 87.4 | D52: 6 | E52: =C52*D52 -> 524.4 | F52: 6 | G52: NÃO | H52: SIM | I52: NÃO
A53: RUA JÚLIO GLATZ | B53: -26.809401, -49.165389 | C53: 300 | D53: 12 | E53: =C53*D53 -> 3600 | F53: 5 | G53: SIM | H53: NÃO | I53: NÃO
A54: RUA ARTHUR SCHULZE | B54: -26.719892, -49.167686 | C54: 148 | D54: 9 | E54: =C54*D54 -> 1332 | F54: 9 | G54: NÃO | H54: NÃO | I54: NÃO
A55: RUA HERMANN EHMKE | B55: -26.713527, -49.165731 | C55: 165.5 | D55: 12 | E55: =C55*D55 -> 1986 | F55: 12 | G55: NÃO | H55: NÃO | I55: NÃO
A56: RUA POMERÂNIA (COM OAE) | B56: -26.730843, -49.189581 | C56: 260 | D56: 12 | E56: =C56*D56 -> 3120 | F56: 12 | G56: NÃO | H56: NÃO | I56: SIM
A57: RUA PROJETADA 03 (PROLONGAMENTO AV. 21) | B57: -26.762025, -49.172134 | C57: 540 | D57: 20 | E57: =C57*D57 -> 10800 | F57: 0 | G57: SIM | H57: NÃO | I57: NÃO
A58: RUA AUGUST HASS | B58: -26.766933, -49.177704 | C58: 557 | D58: 12 | E58: =C58*D58 -> 6684 | F58: 12 | G58: NÃO | H58: NÃO | I58: SIM
A60: ÁREA APROXIMADA DE TABULEIRO DE OAE (m²) | C60: 2915
A61: ÁREA APROXIMADA DE TABULEIRO DA MAIOR OAE (m²) | C61: 1875
A62: EXTENSÃO APROXIMADA DE PAVIMENTAÇÃO (m) | C62: =SUM(C11:C58) -> 16492.18
A63: ÁREA APROXIMADA DE PAVIMENTAÇÃO (m²) | C63: =SUM(E11:E58) -> 197732.44
E69: _____________________________________
E70: RICARDO LUIZ WERNER
E71: Engenheiro Civil – CREA-SC 147103-9
A72: Pomerode, 17 de setembro de 2026 | E72: Matrícula 576948

Sheet CRONOGRAMA
A1: CRONOGRAMA FÍSICO-FINANCEIRO
A2: ITEM | B2: NOME DA TAREFA | C2: DURAÇÃO (DIAS) | D2: VALOR DOS PAGAMENTOS | F2: MÊS 01 | J2: MÊS 02 | N2: MÊS 03 | R2: MÊS 04 | V2: MÊS 05 | Z2: MÊS 06 | AD2: MÊS 07 | AH2: MÊS 08 | AL2: MÊS 09 | AP2: MÊS 10 | AT2: MÊS 11 | AX2: MÊS 12
D3: % | E3: R$
A4: 1 | B4: ESTUDOS PRELIMINARES | C4: 49 | D4: =E4/ORÇAMENTO!$K$125 -> 0.12576317 | E4: =O253+O254+O255+O256+O257-0.01 -> 177995.82
A5: 1.1 | B5: ESTUDO DE TRÁFEGO | C5: =SUM(C6:C8) -> 28 | D5: =E5/ORÇAMENTO!$K$125 -> 0.01631414 | E5: =O253 -> 23089.817
A6: 1.1.1 | B6: PROJETISTA: entrega estudo de tráfego | C6: 21
A7: 1.1.2 | B7: PREFEITURA: análise | C7: 5
A8: 1.1.3 | B8: PREFEITURA: emissão de ofício de aceite | C8: 2
A9: 1.2 | B9: ESTUDOS TOPOGRÁFICOS | C9: =SUM(C10:C12) -> 35 | D9: =E9/ORÇAMENTO!$K$125 -> 0.024777462 | E9: =O254 -> 35068.173
A10: 1.2.1 | B10: PROJETISTA: entrega levantamento topográfico | C10: 28
A11: 1.2.2 | B11: PREFEITURA: análise | C11: 5
A12: 1.2.3 | B12: PREFEITURA: emissão de ofício de aceite | C12: 2
A13: 1.3 | B13: ENSAIOS GEOTÉCNICOS | C13: 28 | D13: =E13/ORÇAMENTO!$K$125 -> 0.062938336 | E13: =O255+O256 -> 89078.229
A14: 1.3.1 | B14: Pavimentação | C14: =SUM(C15:C17) -> 35 | D14: =E14/ORÇAMENTO!$K$125 -> 0.031240083 | E14: =O255 -> 44214.885
A15: 1.3.1.1 | B15: PROJETISTA: entrega estudos geotécnicos para pavimentação | C15: 28
A16: 1.3.1.2 | B16: PREFEITURA: análise | C16: 5
A17: 1.3.1.3 | B17: PREFEITURA: emissão de ofício de aceite | C17: 2
A18: 1.3.2 | B18: OAEs | C18: =SUM(C19:C21) -> 35 | D18: =E18/ORÇAMENTO!$K$125 -> 0.031698253 | E18: =O256 -> 44863.344
A19: 1.3.2.1 | B19: PROJETISTA: entrega estudos geotécnicos para OAE | C19: 28
A20: 1.3.2.2 | B20: PREFEITURA: análise | C20: 5
A21: 1.3.2.3 | B21: PREFEITURA: emissão de ofício de aceite | C21: 2
A22: 1.4 | B22: ESTUDO HIDROLÓGICO | C22: =SUM(C23:C25) -> 28 | D22: =E22/ORÇAMENTO!$K$125 -> 0.021733244 | E22: =O257 -> 30759.614
A23: 1.4.1 | B23: PROJETISTA: entrega estudo hidrológico | C23: 21
A24: 1.4.2 | B24: PREFEITURA: análise | C24: 5
A25: 1.4.3 | B25: PREFEITURA: emissão de ofício de aceite | C25: 2
A26: 2 | B26: PROJETOS | C26: 301 | D26: =E26/ORÇAMENTO!$K$125 -> 0.87423682 | E26: =O258+O259+O260+O261+O262+O263+O264+O265+O266+O267+O268 -> 1237329.6
A27: 2.1 | B27: GRUPO 01 | C27: 77 | D27: =E27/ORÇAMENTO!$K$125 -> 0.194333 | E27: =SUM(E28:E64) -> 275044.44
A28: 2.1.1 | B28: PROJETO GEOMÉTRICO | C28: =SUM(C29:C31) -> 28 | D28: =E28/ORÇAMENTO!$K$125 -> 0.032153091 | E28: =C29*$O$258/$M$258 -> 45507.089
A29: 2.1.1.1 | B29: PROJETISTA: entrega projeto geométrico | C29: 21
A30: 2.1.1.2 | B30: PREFEITURA: análise | C30: 5
A31: 2.1.1.3 | B31: PREFEITURA: emissão de ofício de aceite | C31: 2
A32: 2.1.2 | B32: PROJETO DE TERRAPLANGEM | C32: =SUM(C33:C35) -> 8 | D32: =E32/ORÇAMENTO!$K$125 -> 0.0075105854 | E32: =C33*$O$259/$M$259 -> 10629.923
A33: 2.1.2.1 | B33: PROJETISTA: entrega projeto de terraplanagem | C33: 5
A34: 2.1.2.2 | B34: PREFEITURA: análise | C34: 2
A35: 2.1.2.3 | B35: PREFEITURA: emissão de ofício de aceite | C35: 1
A36: 2.1.3 | B36: PROJETO DE DRENAGEM | C36: =SUM(C37:C39) -> 21 | D36: =E36/ORÇAMENTO!$K$125 -> 0.021029643 | E36: =C37*$O$260/$M$260 -> 29763.788
A37: 2.1.3.1 | B37: PROJETISTA: entrega projeto de drenagem | C37: 14
A38: 2.1.3.2 | B38: PREFEITURA: análise | C38: 5
A39: 2.1.3.3 | B39: PREFEITURA: emissão de ofício de aceite | C39: 2
A40: 2.1.4 | B40: PROJETO DE PAVIMENTAÇÃO | C40: =SUM(C41:C43) -> 8 | D40: =E40/ORÇAMENTO!$K$125 -> 0.0075105856 | E40: =C41*$O$261/$M$261 -> 10629.923
A41: 2.1.4.1 | B41: PROJETISTA: entrega projeto de pavimentação | C41: 5
A42: 2.1.4.2 | B42: PREFEITURA: análise | C42: 2
A43: 2.1.4.3 | B43: PREFEITURA: emissão de ofício de aceite | C43: 1
A44: 2.1.5 | B44: PROJETO DE OBRAS DE CONTENÇÃO E ESTABILIZAÇÃO DE TALUDES | C44: =SUM(C45:C47) -> 7 | D44: =E44/ORÇAMENTO!$K$125 -> 0.0087227641 | E44: =C45*$O$262/$M$262 -> 12345.55
A45: 2.1.5.1 | B45: PROJETISTA: entrega projeto de contenção | C45: 4
A46: 2.1.5.2 | B46: PREFEITURA: análise | C46: 2
A47: 2.1.5.3 | B47: PREFEITURA: emissão de ofício de aceite | C47: 1
A48: 2.1.6 | B48: PROJETO DE SINALIZAÇÃO | C48: =SUM(C49:C51) -> 7 | D48: =E48/ORÇAMENTO!$K$125 -> 0.0060084685 | E48: =C49*$O$263/$M$263 -> 8503.9385
A49: 2.1.6.1 | B49: PROJETISTA: entrega projeto de sinalização | C49: 4
A50: 2.1.6.2 | B50: PREFEITURA: análise | C50: 2
A51: 2.1.6.3 | B51: PREFEITURA: emissão de ofício de aceite | C51: 1
A52: 2.1.7 | B52: PROJETO DE OBRAS COMPLEMENTARES | C52: =SUM(C53:C55) -> 7 | D52: =E52/ORÇAMENTO!$K$125 -> 0.0060084685 | E52: =C53*$O$265/$M$265 -> 8503.9385
A53: 2.1.7.1 | B53: PROJETISTA: entrega projeto de obras complementares | C53: 4
A54: 2.1.7.2 | B54: PREFEITURA: análise | C54: 2
A55: 2.1.7.3 | B55: PREFEITURA: emissão de ofício de aceite | C55: 1
A56: 2.1.8 | B56: PROJETO DE OBRA DE ARTE ESPECIAL/REVISÃO | C56: =SUM(C57:C59) -> 56 | D56: =E56/ORÇAMENTO!$K$125 -> 0.095198326 | E56: =C57*$O$266/$M$266 -> 134736.61
A57: 2.1.8.1 | B57: PROJETISTA: entrega projeto de OAE | C57: 42
A58: 2.1.8.2 | B58: PREFEITURA: análise | C58: 12
A59: 2.1.8.3 | B59: PREFEITURA: emissão de ofício de aceite | C59: 2
A60: 2.1.9 | B60: INVENTÁRIO FLORESTAL | C60: =SUM(C61:C63) -> 5 | D60: =E60/ORÇAMENTO!$K$125 -> 0.0026804842 | E60: =C61*$O$267/$M$267 -> 3793.7575
A61: 2.1.9.1 | B61: PROJETISTA: entrega projeto de inventário florestal | C61: 2
A62: 2.1.9.2 | B62: PREFEITURA: análise | C62: 2
A63: 2.1.9.3 | B63: PREFEITURA: emissão de ofício de aceite | C63: 1
A64: 2.1.10 | B64: MEMORIAL DE CÁLCULO, DESCRITIVO E ORÇAMENTO | C64: =SUM(C65:C67) -> 9 | D64: =E64/ORÇAMENTO!$K$125 -> 0.0075105854 | E64: =C65*$O$268/$M$268 -> 10629.923
A65: 2.1.10.1 | B65: PROJETISTA: entrega projeto de documentos | C65: =2+3 -> 5
A66: 2.1.10.2 | B66: PREFEITURA: análise | C66: 2
A67: 2.1.10.3 | B67: PREFEITURA: emissão de ofício de aceite | C67: 2
A68: 2.2 | B68: GRUPO 02 | C68: 77 | D68: =E68/ORÇAMENTO!$K$125 -> 0.17798795 | E68: =SUM(E69:E112) -> 251910.88
A69: 2.2.1 | B69: PROJETO GEOMÉTRICO | C69: =SUM(C70:C72) -> 21 | D69: =E69/ORÇAMENTO!$K$125 -> 0.021435394 | E69: =C70*$O$258/$M$258 -> 30338.059
A70: 2.2.1.1 | B70: PROJETISTA: entrega projeto geométrico | C70: 14
A71: 2.2.1.2 | B71: PREFEITURA: análise | C71: 5
A72: 2.2.1.3 | B72: PREFEITURA: emissão de ofício de aceite | C72: 2
A73: 2.2.2 | B73: PROJETO DE TERRAPLANGEM | C73: =SUM(C74:C76) -> 7 | D73: =E73/ORÇAMENTO!$K$125 -> 0.0060084683 | E73: =C74*$O$259/$M$259 -> 8503.9381
A74: 2.2.2.1 | B74: PROJETISTA: entrega projeto de terraplanagem | C74: 4
A75: 2.2.2.2 | B75: PREFEITURA: análise | C75: 2
A76: 2.2.2.3 | B76: PREFEITURA: emissão de ofício de aceite | C76: 1
A77: 2.2.3 | B77: PROJETO DE DRENAGEM | C77: =SUM(C78:C80) -> 17 | D77: =E77/ORÇAMENTO!$K$125 -> 0.015021173 | E77: =C78*$O$260/$M$260 -> 21259.849
A78: 2.2.3.1 | B78: PROJETISTA: entrega projeto de drenagem | C78: 10
A79: 2.2.3.2 | B79: PREFEITURA: análise | C79: 5
A80: 2.2.3.3 | B80: PREFEITURA: emissão de ofício de aceite | C80: 2
A81: 2.2.4 | B81: PROJETO DE PAVIMENTAÇÃO | C81: =SUM(C82:C84) -> 7 | D81: =E81/ORÇAMENTO!$K$125 -> 0.0060084685 | E81: =C82*$O$261/$M$261 -> 8503.9384
A82: 2.2.4.1 | B82: PROJETISTA: entrega projeto de pavimentação | C82: 4
A83: 2.2.4.2 | B83: PREFEITURA: análise | C83: 2
A84: 2.2.4.3 | B84: PREFEITURA: emissão de ofício de aceite | C84: 1
A85: 2.2.5 | B85: PROJETO DE OBRAS DE CONTENÇÃO E ESTABILIZAÇÃO DE TALUDES | C85: =SUM(C86:C88) -> 10 | D85: =E85/ORÇAMENTO!$K$125 -> 0.015264837 | E85: =C86*$O$262/$M$262 -> 21604.713
A86: 2.2.5.1 | B86: PROJETISTA: entrega projeto de contenção | C86: 7
A87: 2.2.5.2 | B87: PREFEITURA: análise | C87: 2
A88: 2.2.5.3 | B88: PREFEITURA: emissão de ofício de aceite | C88: 1
A89: 2.2.6 | B89: PROJETO DE SINALIZAÇÃO | C89: =SUM(C90:C92) -> 7 | D89: =E89/ORÇAMENTO!$K$125 -> 0.0060084685 | E89: =C90*$O$263/$M$263 -> 8503.9385
A90: 2.2.6.1 | B90: PROJETISTA: entrega projeto de sinalização | C90: 4
A91: 2.2.6.2 | B91: PREFEITURA: análise | C91: 2
A92: 2.2.6.3 | B92: PREFEITURA: emissão de ofício de aceite | C92: 1
A93: 2.2.7 | B93: PROJETO DE ILUMINAÇÃO PÚBLICA | C93: =SUM(C94:C96) -> 7 | D93: =E93/ORÇAMENTO!$K$125 -> 0.0060084531 | E93: =C94*$O$264/$M$264 -> 8503.9167
A94: 2.2.7.1 | B94: PROJETISTA: entrega projeto elétrico | C94: 4
A95: 2.2.7.2 | B95: PREFEITURA: análise | C95: 2
A96: 2.2.7.3 | B96: PREFEITURA: emissão de ofício de aceite | C96: 1
A97: 2.2.8 | B97: PROJETO DE OBRAS COMPLEMENTARES | C97: =SUM(C98:C100) -> 7 | D97: =E97/ORÇAMENTO!$K$125 -> 0.0060084685 | E97: =C98*$O$265/$M$265 -> 8503.9385
A98: 2.2.8.1 | B98: PROJETISTA: entrega projeto de obras complementares | C98: 4
A99: 2.2.8.2 | B99: PREFEITURA: análise | C99: 2
A100: 2.2.8.3 | B100: PREFEITURA: emissão de ofício de aceite | C100: 1
...

Sheet ORÇAMENTO
A1: PREFEITURA MUNICIPAL DE POMERODE SECRETARIA DE PLANEJAMENTO E MEIO AMBIENTE Rua 15 de Novembro, 525, Centro 89107-000 – Pomerode – Santa Catarina
A3: OBJETO: ELABORAÇÃO DE ESTUDOS E PROJETOS BÁSICO E EXECUTIVO DE ENGENHARIA VIÁRIA
A4: PRAZO DE EXECUÇÃO CONTRATUAL: 329 DIAS | K4: PRAZO DE VIGÊNCIA DA CONTRATAÇÃO: 390 DIAS
A5: DATA BASE DO ORÇAMENTO: ABR/2026
A7: ITEM | B7: REF. | C7: TIPO | D7: CÓD. | E7: DESCRIÇÃO | F7: QUANT. MENSAL | G7: PARTICIPAÇÃO MENSAL (%) | H7: MESES | I7: QUANT. TOTAL | J7: PREÇO UNIT. (R$/MÊS) | K7: PREÇO TOTAL (R$)
A8: 1 | E8: ESTUDO DE TRÁFEGO
A9: 1.1 | B9: DNIT | C9: T. CONS. | D9: P8147 | E9: Técnico - Chefe de posto | F9: 1 | G9: 0.5 | H9: =SUMIF(CRONOGRAMA!B:B,"PROJETISTA: entrega estudo de tráfego",CRONOGRAMA!C:C)/30 -> 0.7 | I9: =F9*G9*H9 -> 0.35 | J9: 7296.64 | K9: =TRUNC(I9*J9,2) -> 2553.82
A10: 1.2 | B10: DNIT | C10: T. CONS. | D10: P8025 | E10: Auxiliar - Pesquisador | F10: 1 | G10: 0.5 | H10: =SUMIF(CRONOGRAMA!B:B,"PROJETISTA: entrega estudo de tráfego",CRONOGRAMA!C:C)/30 -> 0.7 | I10: =F10*G10*H10 -> 0.35 | J10: 4501.3 | K10: =TRUNC(I10*J10,2) -> 1575.45
A11: 1.3 | B11: DNIT | C11: T. CONS. | D11: P8065 | E11: Engenheiro de projetos júnior | F11: 1 | G11: 0.5 | H11: =SUMIF(CRONOGRAMA!B:B,"PROJETISTA: entrega estudo de tráfego",CRONOGRAMA!C:C)/30 -> 0.7 | I11: =F11*G11*H11 -> 0.35 | J11: 23009.54 | K11: =TRUNC(I11*J11,2) -> 8053.33
A12: 1.4 | B12: DNIT | C12: T. CONS. | D12: P8147 | E12: Técnico - Auxiliar de Engenharia | F12: 1 | G12: 0.5 | H12: =SUMIF(CRONOGRAMA!B:B,"PROJETISTA: entrega estudo de tráfego",CRONOGRAMA!C:C)/30 -> 0.7 | I12: =F12*G12*H12 -> 0.35 | J12: 7296.64 | K12: =TRUNC(I12*J12,2) -> 2553.82
A13: 1.5 | B13: DNIT | C13: T. CONS. | D13: E8889 | E13: Veículo leve - 53 kW (sem motorista) | F13: 1 | G13: =G9 -> 0.5 | H13: =H9 -> 0.7 | I13: =F13*G13*H13 -> 0.35 | J13: =66*39.77+116.49*6.61 -> 3394.8189 | K13: =TRUNC(I13*J13,2) -> 1188.18
J14: SUBTOTAL | K14: =SUM(K9:K13) -> 15924.6
A16: 2 | E16: ESTUDOS TOPOGRÁFICOS
A17: 2.1 | B17: DNIT | C17: T. CONS. | D17: P8163 | E17: Topógrafo | F17: 1 | G17: 0.5 | H17: =SUMIF(CRONOGRAMA!B:B,"PROJETISTA: entrega levantamento topográfico",CRONOGRAMA!C:C)/30 -> 0.93333333 | I17: =F17*G17*H17 -> 0.46666667 | J17: 6095.68 | K17: =TRUNC(I17*J17,2) -> 2844.65
A18: 2.2 | B18: DNIT | C18: T. CONS. | D18: P8028 | E18: Auxiliar de topografia | F18: 1 | G18: 0.5 | H18: =SUMIF(CRONOGRAMA!B:B,"PROJETISTA: entrega levantamento topográfico",CRONOGRAMA!C:C)/30 -> 0.93333333 | I18: =F18*G18*H18 -> 0.46666667 | J18: 4492.8 | K18: =TRUNC(I18*J18,2) -> 2096.64
A19: 2.3 | B19: DNIT | C19: T. CONS. | D19: P8065 | E19: Engenheiro de projetos júnior | F19: 1 | G19: 0.5 | H19: =SUMIF(CRONOGRAMA!B:B,"PROJETISTA: entrega levantamento topográfico",CRONOGRAMA!C:C)/30 -> 0.93333333 | I19: =F19*G19*H19 -> 0.46666667 | J19: 23009.54 | K19: =TRUNC(I19*J19,2) -> 10737.78
A20: 2.4 | B20: DNIT | C20: T. CONS. | D20: P8025 | E20: Auxiliar - Desenhista projetos | F20: 1 | G20: 0.5 | H20: =SUMIF(CRONOGRAMA!B:B,"PROJETISTA: entrega levantamento topográfico",CRONOGRAMA!C:C)/30 -> 0.93333333 | I20: =F20*G20*H20 -> 0.46666667 | J20: 4501.3 | K20: =TRUNC(I20*J20,2) -> 2100.6
A21: 2.5 | B21: DNIT | C21: T. CONS. | D21: E8887 | E21: Veículo tipo van furgão com capacidade de 1,38 t - 100 kW (sem motorista) | F21: 1 | G21: =G17 -> 0.5 | H21: =H17 -> 0.93333333 | I21: =F21*G21*H21 -> 0.46666667 | J21: =66*66.07+116.49*20.28 -> 6723.0372 | K21: =TRUNC(I21*J21,2) -> 3137.41
A22: 16.5 | B22: DNIT | C22: T. CONS. | D22: B8958 | E22: Topografia | F22: 1 | G22: =G17 -> 0.5 | H22: =H17 -> 0.93333333 | I22: =F22*G22*H22 -> 0.46666667 | J22: 6145.87 | K22: =TRUNC(I22*J22,2) -> 2868.07
A23: 16.6 | B23: DNIT | C23: T. CONS. | D23: B8961 | E23: Topografia por VANT | F23: 1 | G23: =G19 -> 0.5 | H23: =H19 -> 0.93333333 | I23: =F23*G23*H23 -> 0.46666667 | J23: 858.63 | K23: =TRUNC(I23*J23,2) -> 400.69
J24: SUBTOTAL | K24: =SUM(K17:K23) -> 24185.84
A26: 3 | E26: ENSAIOS GEOTÉCNICOS E GEOLÓGICOS
A27: 3.1 | E27: Pavimentação
A28: 3.1.1 | B28: DNIT | C28: T. CONS. | D28: P8065 | E28: Engenheiro de projetos júnior | F28: 1 | G28: 0.5 | H28: =SUMIF(CRONOGRAMA!B:B,"PROJETISTA: entrega estudos geotécnicos para pavimentação",CRONOGRAMA!C:C)/30 -> 0.93333333 | I28: =F28*G28*H28 -> 0.46666667 | J28: 23009.54 | K28: =TRUNC(I28*J28,2) -> 10737.78
A29: 3.1.2 | B29: DNIT | C29: T. CONS. | D29: P8147 | E29: Técnico - Inspetor de Campo | F29: 1 | G29: 0.5 | H29: =SUMIF(CRONOGRAMA!B:B,"PROJETISTA: entrega estudos geotécnicos para pavimentação",CRONOGRAMA!C:C)/30 -> 0.93333333 | I29: =F29*G29*H29 -> 0.46666667 | J29: 7296.64 | K29: =TRUNC(I29*J29,2) -> 3405.09
A30: 3.1.3 | B30: DNIT | C30: T. CONS. | D30: P8098 | E30: Laboratorista | F30: 1 | G30: 0.5 | H30: =SUMIF(CRONOGRAMA!B:B,"PROJETISTA: entrega estudos geotécnicos para pavimentação",CRONOGRAMA!C:C)/30 -> 0.93333333 | I30: =F30*G30*H30 -> 0.46666667 | J30: 5942.7 | K30: =TRUNC(I30*J30,2) -> 2773.26
A31: 3.1.4 | B31: DNIT | C31: T. CONS. | D31: P8027 | E31: Auxiliar de Laboratório | F31: 1 | G31: 0.5 | H31: =SUMIF(CRONOGRAMA!B:B,"PROJETISTA: entrega estudos geotécnicos para pavimentação",CRONOGRAMA!C:C)/30 -> 0.93333333 | I31: =F31*G31*H31 -> 0.46666667 | J31: 4826.63 | K31: =TRUNC(I31*J31,2) -> 2252.42
A32: 3.1.5 | B32: DNIT | C32: T. CONS. | D32: P8139 | E32: Sondador | F32: 1 | G32: 0.5 | H32: =SUMIF(CRONOGRAMA!B:B,"PROJETISTA: entrega estudos geotécnicos para pavimentação",CRONOGRAMA!C:C)/30 -> 0.93333333 | I32: =F32*G32*H32 -> 0.46666667 | J32: 5442.71 | K32: =TRUNC(I32*J32,2) -> 2539.93
A33: 3.1.6 | B33: DNIT | C33: T. CONS. | D33: P8025 | E33: Auxiliar (sondagem) | F33: 1 | G33: 0.5 | H33: =SUMIF(CRONOGRAMA!B:B,"PROJETISTA: entrega estudos geotécnicos para pavimentação",CRONOGRAMA!C:C)/30 -> 0.93333333 | I33: =F33*G33*H33 -> 0.46666667 | J33: 4826.63 | K33: =TRUNC(I33*J33,2) -> 2252.42
A34: 3.1.7 | B34: DNIT | C34: T. CONS. | D34: B8957 | E34: Laboratório de Solos | F34: 1 | G34: =G30 -> 0.5 | H34: =H30 -> 0.93333333 | I34: =F34*G34*H34 -> 0.46666667 | J34: 3882.01 | K34: =TRUNC(I34*J34,2) -> 1811.6
A35: 3.1.8 | B35: DNIT | C35: T. CONS. | D35: E8889 | E35: Veículo leve - 53 kW (sem motorista) | F35: 1 | G35: =G29 -> 0.5 | H35: =H29 -> 0.93333333 | I35: =F35*G35*H35 -> 0.46666667 | J35: =66*39.77+116.49*6.61 -> 3394.8189 | K35: =TRUNC(I35*J35,2) -> 1584.24
A36: 3.1.9 | B36: DNIT | C36: T. CONS. | D36: E8887 | E36: Veículo tipo van furgão com capacidade de 1,38 t - 100 kW (sem motorista) | F36: 1 | G36: =G32 -> 0.5 | H36: =H32 -> 0.93333333 | I36: =F36*G36*H36 -> 0.46666667 | J36: =66*66.07+116.49*20.28 -> 6723.0372 | K36: =TRUNC(I36*J36,2) -> 3137.41
J37: SUBTOTAL | K37: =SUM(K28:K36) -> 30494.15
A39: 3.2 | E39: OAEs
A40: 3.2.1 | B40: DNIT | C40: T. CONS. | D40: P8066 | E40: Engenheiro de projetos pleno | F40: 1 | G40: 0.5 | H40: =SUMIF(CRONOGRAMA!B:B,"PROJETISTA: entrega estudos geotécnicos para OAE",CRONOGRAMA!C:C)/30 -> 0.93333333 | I40: =F40*G40*H40 -> 0.46666667 | J40: 27362.69 | K40: =TRUNC(I40*J40,2) -> 12769.25
A41: 3.2.2 | B41: DNIT | C41: T. CONS. | D41: P8147 | E41: Técnico - Inspetor de Campo | F41: 1 | G41: 0.5 | H41: =SUMIF(CRONOGRAMA!B:B,"PROJETISTA: entrega estudos geotécnicos para OAE",CRONOGRAMA!C:C)/30 -> 0.93333333 | I41: =F41*G41*H41 -> 0.46666667 | J41: 7296.64 | K41: =TRUNC(I41*J41,2) -> 3405.09
A42: 3.2.3 | B42: DNIT | C42: T. CONS. | D42: P8139 | E42: Sondador | F42: 1 | G42: 0.5 | H42: =SUMIF(CRONOGRAMA!B:B,"PROJETISTA: entrega estudos geotécnicos para OAE",CRONOGRAMA!C:C)/30 -> 0.93333333 | I42: =F42*G42*H42 -> 0.46666667 | J42: 5442.71 | K42: =TRUNC(I42*J42,2) -> 2539.93
A43: 3.2.4 | B43: DNIT | C43: T. CONS. | D43: P8025 | E43: Auxiliar (sondagem) | F43: 1 | G43: 0.5 | H43: =SUMIF(CRONOGRAMA!B:B,"PROJETISTA: entrega estudos geotécnicos para OAE",CRONOGRAMA!C:C)/30 -> 0.93333333 | I43: =F43*G43*H43 -> 0.46666667 | J43: 4826.63 | K43: =TRUNC(I43*J43,2) -> 2252.42
A44: 3.2.5 | B44: DNIT | C44: T. CONS. | D44: P8098 | E44: Laboratorista | F44: 1 | G44: 0.5 | H44: =SUMIF(CRONOGRAMA!B:B,"PROJETISTA: entrega estudos geotécnicos para OAE",CRONOGRAMA!C:C)/30 -> 0.93333333 | I44: =F44*G44*H44 -> 0.46666667 | J44: 5942.7 | K44: =TRUNC(I44*J44,2) -> 2773.26
A45: 3.2.6 | B45: DNIT | C45: T. CONS. | D45: P8027 | E45: Auxiliar de Laboratório | F45: 1 | G45: 0.5 | H45: =SUMIF(CRONOGRAMA!B:B,"PROJETISTA: entrega estudos geotécnicos para OAE",CRONOGRAMA!C:C)/30 -> 0.93333333 | I45: =F45*G45*H45 -> 0.46666667 | J45: 4826.63 | K45: =TRUNC(I45*J45,2) -> 2252.42
A46: 3.2.7 | B46: DNIT | C46: T. CONS. | D46: B8957 | E46: Laboratório de Solos | F46: 1 | G46: =G44 -> 0.5 | H46: =H44 -> 0.93333333 | I46: =F46*G46*H46 -> 0.46666667 | J46: 3882.01 | K46: =TRUNC(I46*J46,2) -> 1811.6
A47: 3.2.8 | B47: DNIT | C47: T. CONS. | D47: E8887 | E47: Veículo tipo van furgão com capacidade de 1,38 t - 100 kW (sem motorista) | F47: 1 | G47: =G43 -> 0.5 | H47: =H42 -> 0.93333333 | I47: =F47*G47*H47 -> 0.46666667 | J47: =66*66.07+116.49*20.28 -> 6723.0372 | K47: =TRUNC(I47*J47,2) -> 3137.41
J48: SUBTOTAL | K48: =SUM(K40:K47) -> 30941.38
A50: 4 | E50: ESTUDO HIDROLÓGICO
A51: 4.1 | B51: DNIT | C51: T. CONS. | D51: P8065 | E51: Engenheiro de projetos júnior | F51: 1 | G51: 1 | H51: =SUMIF(CRONOGRAMA!B:B,"PROJETISTA: entrega estudo hidrológico",CRONOGRAMA!C:C)/30 -> 0.7 | I51: =F51*G51*H51 -> 0.7 | J51: 23009.54 | K51: =TRUNC(I51*J51,2) -> 16106.67
A52: 4.2 | B52: DNIT | C52: T. CONS. | D52: P8147 | E52: Técnico - Auxiliar de Engenharia | F52: 1 | G52: 1 | H52: =SUMIF(CRONOGRAMA!B:B,"PROJETISTA: entrega estudo hidrológico",CRONOGRAMA!C:C)/30 -> 0.7 | I52: =F52*G52*H52 -> 0.7 | J52: 7296.64 | K52: =TRUNC(I52*J52,2) -> 5107.64
J53: SUBTOTAL | K53: =SUM(K51:K52) -> 21214.31
A55: 5 | E55: PROJETO GEOMÉTRICO
A56: 5.1 | B56: DNIT | C56: T. CONS. | D56: P8065 | E56: Engenheiro de projetos júnior | F56: 1 | G56: 1 | H56: =SUMIF(CRONOGRAMA!B:B,"PROJETISTA: entrega projeto geométrico",CRONOGRAMA!C:C)/30 -> 3.5 | I56: =F56*G56*H56 -> 3.5 | J56: 23009.54 | K56: =TRUNC(I56*J56,2) -> 80533.39
A57: 5.2 | B57: DNIT | C57: T. CONS. | D57: P8066 | E57: Engenheiro de projetos pleno | F57: 1 | G57: 0.5 | H57: =SUMIF(CRONOGRAMA!B:B,"PROJETISTA: entrega projeto geométrico",CRONOGRAMA!C:C)/30 -> 3.5 | I57: =F57*G57*H57 -> 1.75 | J57: 27362.69 | K57: =TRUNC(I57*J57,2) -> 47884.7
A58: 5.3 | B58: DNIT | C58: T. CONS. | D58: P8147 | E58: Técnico - Auxiliar de Engenharia | F58: 1 | G58: 1 | H58: =SUMIF(CRONOGRAMA!B:B,"PROJETISTA: entrega projeto geométrico",CRONOGRAMA!C:C)/30 -> 3.5 | I58: =F58*G58*H58 -> 3.5 | J58: 7296.64 | K58: =TRUNC(I58*J58,2) -> 25538.24
A59: 5.4 | B59: DNIT | C59: T. CONS. | D59: E8889 | E59: Veículo leve - 53 kW (sem motorista) | F59: 1 | G59: 0.25 | H59: =H56 -> 3.5 | I59: =F59*G59*H59 -> 0.875 | J59: =66*39.77+116.49*6.61 -> 3394.8189 | K59: =TRUNC(I59*J59,2) -> 2970.46
J60: SUBTOTAL | K60: =SUM(K56:K59) -> 156926.79
A62: 6 | E62: PROJETO DE TERRAPLANGEM
A63: 6.1 | B63: DNIT | C63: T. CONS. | D63: P8065 | E63: Engenheiro de projetos júnior | F63: 1 | G63: 1 | H63: =SUMIF(CRONOGRAMA!B:B,"PROJETISTA: entrega projeto de terraplanagem",CRONOGRAMA!C:C)/30 -> 0.9 | I63: =F63*G63*H63 -> 0.9 | J63: 23009.54 | K63: =TRUNC(I63*J63,2) -> 20708.58
A64: 6.2 | B64: DNIT | C64: T. CONS. | D64: P8066 | E64: Engenheiro de projetos pleno | F64: 1 | G64: 0.5 | H64: =SUMIF(CRONOGRAMA!B:B,"PROJETISTA: entrega projeto de terraplanagem",CRONOGRAMA!C:C)/30 -> 0.9 | I64: =F64*G64*H64 -> 0.45 | J64: 27362.69 | K64: =TRUNC(I64*J64,2) -> 12313.21
A65: 6.3 | B65: DNIT | C65: T. CONS. | D65: P8147 | E65: Técnico - Auxiliar de Engenharia | F65: 1 | G65: 1 | H65: =SUMIF(CRONOGRAMA!B:B,"PROJETISTA: entrega projeto de terraplanagem",CRONOGRAMA!C:C)/30 -> 0.9 | I65: =F65*G65*H65 -> 0.9 | J65: 7296.64 | K65: =TRUNC(I65*J65,2) -> 6566.97
J66: SUBTOTAL | K66: =SUM(K63:K65) -> 39588.76
A68: 7 | E68: PROJETO DE DRENAGEM
A69: 7.1 | B69: DNIT | C69: T. CONS. | D69: P8065 | E69: Engenheiro de projetos júnior | F69: 1 | G69: 1 | H69: =SUMIF(CRONOGRAMA!B:B,"PROJETISTA: entrega projeto de drenagem",CRONOGRAMA!C:C)/30 -> 2.1666667 | I69: =F69*G69*H69 -> 2.1666667 | J69: 23009.54 | K69: =TRUNC(I69*J69,2) -> 49854
A70: 7.2 | B70: DNIT | C70: T. CONS. | D70: P8066 | E70: Engenheiro de projetos pleno | F70: 1 | G70: 0.5 | H70: =SUMIF(CRONOGRAMA!B:B,"PROJETISTA: entrega projeto de drenagem",CRONOGRAMA!C:C)/30 -> 2.1666667 | I70: =F70*G70*H70 -> 1.0833333 | J70: 27362.69 | K70: =TRUNC(I70*J70,2) -> 29642.91
A71: 7.3 | B71: DNIT | C71: T. CONS. | D71: P8147 | E71: Técnico - Auxiliar de Engenharia | F71: 1 | G71: 1 | H71: =SUMIF(CRONOGRAMA!B:B,"PROJETISTA: entrega projeto de drenagem",CRONOGRAMA!C:C)/30 -> 2.1666667 | I71: =F71*G71*H71 -> 2.1666667 | J71: 7296.64 | K71: =TRUNC(I71*J71,2) -> 15809.38
J72: SUBTOTAL | K72: =SUM(K69:K71) -> 95306.29
A74: 8 | E74: PROJETO DE PAVIMENTAÇÃO
A75: 8.1 | B75: DNIT | C75: T. CONS. | D75: P8065 | E75: Engenheiro de projetos júnior | F75: 1 | G75: 1 | H75: =SUMIF(CRONOGRAMA!B:B,"PROJETISTA: entrega projeto de pavimentação",CRONOGRAMA!C:C)/30 -> 0.8 | I75: =F75*G75*H75 -> 0.8 | J75: 23009.54 | K75: =TRUNC(I75*J75,2) -> 18407.63
A76: 8.2 | B76: DNIT | C76: T. CONS. | D76: P8066 | E76: Engenheiro de projetos pleno | F76: 1 | G76: 0.5 | H76: =SUMIF(CRONOGRAMA!B:B,"PROJETISTA: entrega projeto de pavimentação",CRONOGRAMA!C:C)/30 -> 0.8 | I76: =F76*G76*H76 -> 0.4 | J76: 27362.69 | K76: =TRUNC(I76*J76,2) -> 10945.07
A77: 8.3 | B77: DNIT | C77: T. CONS. | D77: P8147 | E77: Técnico - Auxiliar de Engenharia | F77: 1 | G77: 1 | H77: =SUMIF(CRONOGRAMA!B:B,"PROJETISTA: entrega projeto de pavimentação",CRONOGRAMA!C:C)/30 -> 0.8 | I77: =F77*G77*H77 -> 0.8 | J77: 7296.64 | K77: =TRUNC(I77*J77,2) -> 5837.31
J78: SUBTOTAL | K78: =SUM(K75:K77) -> 35190.01
A80: 9 | E80: PROJETO DE OBRAS DE CONTENÇÃO E ESTABILIZAÇÃO DE TALUDES
A81: 9.1 | B81: DNIT | C81: T. CONS. | D81: P8081 | E81: Geólogo pleno | F81: 1 | G81: 0.5 | H81: =SUMIF(CRONOGRAMA!B:B,"PROJETISTA: entrega projeto de contenção",CRONOGRAMA!C:C)/30 -> 0.96666667 | I81: =F81*G81*H81 -> 0.48333333 | J81: 26682.83 | K81: =TRUNC(I81*J81,2) -> 12896.7
A82: 9.2 | B82: DNIT | C82: T. CONS. | D82: P8066 | E82: Engenheiro de projetos pleno | F82: 1 | G82: 1 | H82: =SUMIF(CRONOGRAMA!B:B,"PROJETISTA: entrega projeto de contenção",CRONOGRAMA!C:C)/30 -> 0.96666667 | I82: =F82*G82*H82 -> 0.96666667 | J82: 27362.69 | K82: =TRUNC(I82*J82,2) -> 26450.6
A83: 9.3 | B83: DNIT | C83: T. CONS. | D83: P8067 | E83: Engenheiro de projetos senior | F83: 1 | G83: 0.5 | H83: =SUMIF(CRONOGRAMA!B:B,"PROJETISTA: entrega projeto de contenção",CRONOGRAMA!C:C)/30 -> 0.96666667 | I83: =F83*G83*H83 -> 0.48333333 | J83: 31715.84 | K83: =TRUNC(I83*J83,2) -> 15329.32
A84: 9.4 | B84: DNIT | C84: T. CONS. | D84: P8147 | E84: Técnico - Auxiliar de Engenharia | F84: 1 | G84: 1 | H84: =SUMIF(CRONOGRAMA!B:B,"PROJETISTA: entrega projeto de contenção",CRONOGRAMA!C:C)/30 -> 0.96666667 | I84: =F84*G84*H84 -> 0.96666667 | J84: 7296.64 | K84: =TRUNC(I84*J84,2) -> 7053.41
J85: SUBTOTAL | K85: =SUM(K81:K84) -> 61730.03
A87: 10 | E87: PROJETO DE SINALIZAÇÃO
A88: 10.1 | B88: DNIT | C88: T. CONS. | D88: P8065 | E88: Engenheiro de projetos júnior | F88: 1 | G88: 1 | H88: =SUMIF(CRONOGRAMA!B:B,"PROJETISTA: entrega projeto de sinalização",CRONOGRAMA!C:C)/30 -> 0.76666667 | I88: =F88*G88*H88 -> 0.76666667 | J88: 23009.54 | K88: =TRUNC(I88*J88,2) -> 17640.64
A89: 10.2 | B89: DNIT | C89: T. CONS. | D89: P8066 | E89: Engenheiro de projetos pleno | F89: 1 | G89: 0.5 | H89: =SUMIF(CRONOGRAMA!B:B,"PROJETISTA: entrega projeto de sinalização",CRONOGRAMA!C:C)/30 -> 0.76666667 | I89: =F89*G89*H89 -> 0.38333333 | J89: 27362.69 | K89: =TRUNC(I89*J89,2) -> 10489.03
A90: 10.3 | B90: DNIT | C90: T. CONS. | D90: P8147 | E90: Técnico - Auxiliar de Engenharia | F90: 1 | G90: 1 | H90: =SUMIF(CRONOGRAMA!B:B,"PROJETISTA: entrega projeto de sinalização",CRONOGRAMA!C:C)/30 -> 0.76666667 | I90: =F90*G90*H90 -> 0.76666667 | J90: 7296.64 | K90: =TRUNC(I90*J90,2) -> 5594.09
J91: SUBTOTAL | K91: =SUM(K88:K90) -> 33723.76
A93: 11 | E93: PROJETO DE ILUMINAÇÃO PÚBLICA
A94: 11.1 | B94: DNIT | C94: T. CONS. | D94: P8065 | E94: Engenheiro de projetos júnior | F94: 1 | G94: 1 | H94: =SUMIF(CRONOGRAMA!B:B,"PROJETISTA: entrega projeto elétrico",CRONOGRAMA!C:C)/30 -> 0.2 | I94: =F94*G94*H94 -> 0.2 | J94: 23009.54 | K94: =TRUNC(I94*J94,2) -> 4601.9
A95: 11.2 | B95: DNIT | C95: T. CONS. | D95: P8066 | E95: Engenheiro de projetos pleno | F95: 1 | G95: 0.5 | H95: =SUMIF(CRONOGRAMA!B:B,"PROJETISTA: entrega projeto elétrico",CRONOGRAMA!C:C)/30 -> 0.2 | I95: =F95*G95*H95 -> 0.1 | J95: 27362.69 | K95: =TRUNC(I95*J95,2) -> 2736.26
A96: 11.3 | B96: DNIT | C96: T. CONS. | D96: P8147 | E96: Técnico - Auxiliar de Engenharia | F96: 1 | G96: 1 | H96: =SUMIF(CRONOGRAMA!B:B,"PROJETISTA: entrega projeto elétrico",CRONOGRAMA!C:C)/30 -> 0.2 | I96: =F96*G96*H96 -> 0.2 | J96: 7296.64 | K96: =TRUNC(I96*J96,2) -> 1459.32
J97: SUBTOTAL | K97: =SUM(K94:K96) -> 8797.48
A99: 12 | E99: PROJETO DE OBRAS COMPLEMENTARES
A100: 12.1 | B100: DNIT | C100: T. CONS. | D100: P8065 | E100: Engenheiro de projetos júnior | F100: 1 | G100: 1 | H100: =SUMIF(CRONOGRAMA!B:B,"PROJETISTA: entrega projeto de obras complementares",CRONOGRAMA!C:C)/30 -> 0.76666667 | I100: =F100*G100*H100 -> 0.76666667 | J100: 23009.54 | K100: =TRUNC(I100*J100,2) -> 17640.64
A101: 12.2 | B101: DNIT | C101: T. CONS. | D101: P8066 | E101: Engenheiro de projetos pleno | F101: 1 | G101: 0.5 | H101: =SUMIF(CRONOGRAMA!B:B,"PROJETISTA: entrega projeto de obras complementares",CRONOGRAMA!C:C)/30 -> 0.76666667 | I101: =F101*G101*H101 -> 0.38333333 | J101: 27362.69 | K101: =TRUNC(I101*J101,2) -> 10489.03
A102: 12.3 | B102: DNIT | C102: T. CONS. | D102: P8147 | E102: Técnico - Auxiliar de Engenharia | F102: 1 | G102: 1 | H102: =SUMIF(CRONOGRAMA!B:B,"PROJETISTA: entrega projeto de obras complementares",CRONOGRAMA!C:C)/30 -> 0.76666667 | I102: =F102*G102*H102 -> 0.76666667 | J102: 7296.64 | K102: =TRUNC(I102*J102,2) -> 5594.09
J103: SUBTOTAL | K103: =SUM(K100:K102) -> 33723.76
A105: 13 | E105: PROJETO DE OBRA DE ARTE ESPECIAL
A106: 13.1 | B106: DNIT | C106: T. CONS. | D106: P8066 | E106: Engenheiro de projetos pleno | F106: 1 | G106: 1 | H106: =SUMIF(CRONOGRAMA!B:B,"PROJETISTA: entrega projeto de OAE",CRONOGRAMA!C:C)/30 -> 4.9 | I106: =F106*G106*H106 -> 4.9 | J106: 27362.69 | K106: =TRUNC(I106*J106,2) -> 134077.18
A107: 13.2 | B107: DNIT | C107: T. CONS. | D107: P8067 | E107: Engenheiro de projetos senior | F107: 1 | G107: 1 | H107: =SUMIF(CRONOGRAMA!B:B,"PROJETISTA: entrega projeto de OAE",CRONOGRAMA!C:C)/30 -> 4.9 | I107: =F107*G107*H107 -> 4.9 | J107: 31715.84 | K107: =TRUNC(I107*J107,2) -> 155407.61
A108: 13.3 | B108: DNIT | C108: T. CONS. | D108: P8147 | E108: Técnico - Auxiliar de Engenharia | F108: 1 | G108: 1 | H108: =SUMIF(CRONOGRAMA!B:B,"PROJETISTA: entrega projeto de OAE",CRONOGRAMA!C:C)/30 -> 4.9 | I108: =F108*G108*H108 -> 4.9 | J108: 7296.64 | K108: =TRUNC(I108*J108,2) -> 35753.53
J109: SUBTOTAL | K109: =SUM(K106:K108) -> 325238.32
A111: 14 | E111: INVENTÁRIO FLORESTAL
A112: 14.1 | B112: DNIT | C112: T. CONS. | D112: P8068 | E112: Engenheiro florestal júnior | F112: 1 | G112: 1 | H112: =SUMIF(CRONOGRAMA!B:B,"PROJETISTA: entrega projeto de inventário florestal",CRONOGRAMA!C:C)/30 -> 0.6 | I112: =F112*G112*H112 -> 0.6 | J112: 23100.66 | K112: =TRUNC(I112*J112,2) -> 13860.39
A113: 14.2 | B113: DNIT | C113: T. CONS. | D113: P8147 | E113: Técnico - Auxiliar de Engenharia | F113: 1 | G113: 1 | H113: =SUMIF(CRONOGRAMA!B:B,"PROJETISTA: entrega projeto de inventário florestal",CRONOGRAMA!C:C)/30 -> 0.6 | I113: =F113*G113*H113 -> 0.6 | J113: 7296.64 | K113: =TRUNC(I113*J113,2) -> 4377.98
A114: 14.3 | B114: DNIT | C114: T. CONS. | D114: E8891 | E114: Veículo leve picape média 4 x 4 com cabine dupla com capacidade de 1,10 t - 152,25 kW (sem motorista) | F114: 1 | G114: 1 | H114: =H113 -> 0.6 | I114: =F114*G114*H114 -> 0.6 | J114: =66*90.83+116.49*24.51 -> 8849.9499 | K114: =TRUNC(I114*J114,2) -> 5309.96
J115: SUBTOTAL | K115: =SUM(K112:K114) -> 23548.33
A117: 15 | E117: MEMORIAL DE CÁLCULO, DESCRITIVO E ORÇAMENTO
...

Sheet BDI
A1: PREFEITURA MUNICIPAL DE POMERODE SECRETARIA DE PLANEJAMENTO E MEIO AMBIENTE Rua 15 de Novembro, 525, Centro 89107-000 – Pomerode – Santa Catarina
A3: OBJETO: ELABORAÇÃO DE ESTUDOS E PROJETOS BÁSICO E EXECUTIVO DE ENGENHARIA VIÁRIA
A5: TABELA DE PREÇOS DE CONSULTORIA Benefícios e Despesas Indiretas - BDI
A6: Valores de referência para as taxas de BDI
A7: Descrição das Parcelas | C7: Valores
A8: Despesas Indiretas | C8: % sobre PV | D8: % sobre CD
A9: Administração Central | B9: Variável - f (CD) | C9: =D9/(1+D$22/100) -> 6.8968064 | D9: 10
A10: Despesas Financeiras | B10: 1.1 | C10: =D10/(1+D$22/100) -> 1.0089622 | D10: =D22-(D9+D11+D12+D15+D18+D19+D20) -> 1.4629411
A11: Riscos | B11: 0,50% do PV | C11: 0.5 | D11: =C11*(1+D$22/100) -> 0.72497323
A12: Seguros e Garantias Contratuais | B12: 0,10% do PV | C12: 0.1 | D12: =C12*(1+D$22/100) -> 0.14499465
B13: Subtotal 1 | C13: =SUM(C9:C12) -> 8.5057685 | D13: =SUM(D9:D12) -> 12.332909
A14: Benefícios | C14: % sobre PV | D14: % sobre CD
A15: Lucro | B15: Variável - f (CD) | C15: =D15/(1+D$22/100) -> 8.2761677 | D15: 12
B16: Subtotal 2 | C16: =C15 -> 8.2761677 | D16: =D15 -> 12
A17: Tributos | C17: % sobre PV | D17: % sobre CD
A18: PIS | B18: 1,65% do PV | C18: 1.65 | D18: =C18*(1+D$22/100) -> 2.3924117
A19: COFINS | B19: 7,60% do PV | C19: 7.6 | D19: =C19*(1+D$22/100) -> 11.019593
A20: ISSQN* | B20: 5,00% do PV | C20: 5 | D20: =C20*(1+D$22/100) -> 7.2497323
B21: Subtotal 3 | C21: =SUM(C18:C20) -> 14.25 | D21: =SUM(D18:D20) -> 20.661737
A22: Total - BDI (%) | C22: =C13+C16+C21 -> 31.031936 | D22: =((1+(D9/100+D15/100-($B10/100*D15/100)))/(1-($B10/100+C12/100+C11/100+C18/100+C19/100+C20/100))-1)*100 -> 44.994646
A23: Observação: (*) Limite máximo adotado de 5%, valor variável em função da legislação do município de Pomerode. As empresas licitantes deverão adotar as alíquotas pertinentes.
A25: PV = Preço de Venda
A26: CD = Custo Direto
A27: SELIC (agosto/2026) = 14,00% a.a.
A28: DF = [(1+SELIC)^(1/12)-1] sobre (PV - Lucro), o que resulta em DF = 1,10% sobre (PV - Lucro)
